[Event "Titled Tuesday Blitz August 22 Late 2023"]
[White "Ibarra Jerez, Jose Carlos"]
[Black "Seletsky, Grigory"]
[WhiteFideId "2226332"]
[BlackFideId "14112191"]
[WhiteElo "2910"]
[BlackElo "2473"]
[Result "1-0"]
[Round "1"]
[TimeControl "180+1"]
[Date "2023.08.22"]
[WhiteClock "0:00:51"]
[BlackClock "0:00:19"]
[Board "46"]

1. e4 e6 2. d4 d5 3. Nc3 Nc6 4. e5 Nge7 5. h4 Nf5 6. Nf3 h5 7. g3 b6 8. Bg5 Be7 9. Bb5 Bb7 10. Ne2 a6 11. Bd3 Qd7 12. c3 O-O-O 13. Bxe7 Ncxe7 14. O-O Kb8 15. a4 c5 16. a5 c4 17. Bxf5 Nxf5 18. axb6 Qb5 19. b3 Qxb3 20. Qxb3 cxb3 21. Rfb1 Rc8 22. Ng5 Rhf8 23. Rxb3 Rc6 24. Nf4 g6 25. Nd3 Nh6 26. Nc5 Rxc5 27. dxc5 Rc8 28. Ra5 Rf8 29. Rb4 Ng4 30. Rf4 Nxe5 31. Nxe6 Rc8 32. Nd4 Nd3 33. Rxf7 Nxc5 34. Rc7 Ne4 35. Rxc8+ Kxc8 36. f3 Nd6 37. Rc5+ Kb8 38. Nc6+ Ka8 39. Na5 d4 40. cxd4 Bxf3 41. Rc7 Kb8 42. Nc6+ Bxc6 43. Rxc6 Nf5 44. Rxg6 Nxd4 45. Rh6 Kb7 46. Rxh5 Kxb6 47. Rh8 a5 48. h5 a4 49. Ra8 Kb5 50. h6 Nf3+ 51. Kf2 Ng5 52. Ke3 Kb4 53. Kf4 Nh7 54. Ra7 Nf8 55. h7 a3 56. Kf5 Nxh7 57. Rxh7 a2 58. Ra7 Kb3 59. g4 Kb2 60. Rxa2+ Kxa2 61. g5 Kb3 62. g6 Kc4 63. g7 Kd5 64. g8=Q+ Kd6 65. Qe6+ 1-0


[Site "https://www.chess.com"]

[Event "Titled Tuesday Blitz August 22 Late 2023"]
[White "Shubenkova, Veronika"]
[Black "Rasulov, Vugar"]
[WhiteFideId "44124040"]
[BlackFideId "13402390"]
[WhiteElo "2471"]
[BlackElo "2897"]
[Result "0-1"]
[Round "1"]
[TimeControl "180+1"]
[Date "2023.08.22"]
[WhiteClock "0:00:02"]
[BlackClock "0:00:28"]
[Board "47"]

1. e4 e5 2. Nf3 Nc6 3. Bb5 a6 4. Bxc6 dxc6 5. O-O Qf6 6. d4 exd4 7. Qxd4 c5 8. Qe3 Bg4 9. e5 Qc6 10. Ng5 Ne7 11. b3 h6 12. Ne4 O-O-O 13. Nbc3 b6 14. a4 a5 15. Nb5 Kb8 16. f3 Bf5 17. c4 Ng6 18. Bb2 Be7 19. Rad1 Rxd1 20. Rxd1 Bxe4 21. fxe4 Rd8 22. Rxd8+ Bxd8 23. Qf3 Qd7 24. g3 Nf8 25. Kf2 Ne6 26. Ke2 Ng5 27. Qd3 Qxd3+ 28. Kxd3 Kc8 29. h4 Ne6 30. Ke3 h5 31. Na3 g5 32. hxg5 Bxg5+ 33. Kf3 Kd7 34. Nc2 Bd2 35. Ke2 Bh6 36. Kd3 Nd8 37. Ne1 Nc6 38. Ng2 Bg5 39. Ke2 Ne7 40. Kf3 Nc6 41. Bc3 Bc1 42. Nf4 Bxf4 43. Kxf4 Ke6 44. Kg5 Nd4 45. Kxh5 Nxb3 46. Kg4 Nd4 47. Kg5 Ne2 48. Be1 Kxe5 49. g4 Ke6 50. Bd2 Nd4 51. Bf4 Nf3+ 52. Kh6 Ne5 53. g5 Nxc4 54. Bxc7 Kd7 55. Bf4 Nb2 56. Kg7 Ke6 57. Bc7 Nxa4 58. e5 c4 59. g6 fxg6 60. Kxg6 c3 61. Bd8 c2 62. Bg5 Nc5 0-1


[Site "https://www.chess.com"]

[Event "Titled Tuesday Blitz August 22 Late 2023"]
[White "Grigorjev, Iljya"]
[Black "WindWhistler11"]
[WhiteFideId "24159565"]
[WhiteElo "2892"]
[BlackElo "2471"]
[Result "1-0"]
[Round "1"]
[TimeControl "180+1"]
[Date "2023.08.22"]
[WhiteClock "0:00:29"]
[BlackClock "0:00:00"]
[Board "48"]

1. e4 e6 2. d4 d5 3. Nc3 Bb4 4. Ne2 Nc6 5. a3 Ba5 6. b4 Bb6 7. Bb2 Nge7 8. Na4 dxe4 9. c4 a6 10. Nxb6 cxb6 11. Ng3 f5 12. d5 exd5 13. Bxg7 Ng6 14. Bxh8 Nxh8 15. cxd5 Ne5 16. Be2 Nhg6 17. O-O Bd7 18. Qd2 Qh4 19. Nh5 O-O-O 20. Rfc1+ Kb8 21. Qe3 Ka7 22. a4 Ng4 23. Bxg4 Qxg4 24. a5 Rg8 25. Qxb6+ Ka8 26. Nf6 Qg5 27. Nxg8 Nf4 28. g3 Qg4 29. Qe3 Nh3+ 30. Kh1 f4 31. gxf4 1-0


[Site "https://www.chess.com"]

[Event "Titled Tuesday Blitz August 22 Late 2023"]
[White "Toropov, Pavel"]
[Black "Sjugirov, Sanan"]
[WhiteFideId "24129178"]
[BlackFideId "4189302"]
[WhiteElo "2470"]
[BlackElo "2890"]
[Result "0-1"]
[Round "1"]
[TimeControl "180+1"]
[Date "2023.08.22"]
[WhiteClock "0:00:07"]
[BlackClock "0:00:02"]
[Board "49"]

1. e4 c5 2. Nf3 e6 3. d4 cxd4 4. Nxd4 a6 5. Nc3 b5 6. Bd3 Bb7 7. Qf3 Nc6 8. Be3 Nge7 9. Qg3 Ng6 10. O-O-O Qb8 11. Nxc6 Bxc6 12. f4 Bb4 13. h4 Bxc3 14. bxc3 Rg8 15. e5 b4 16. c4 Qd8 17. h5 Nf8 18. Bc5 Qa5 19. Bd6 Qa3+ 20. Kb1 Qa5 21. Qg5 Qd8 22. Qg3 h6 23. Qe3 Rh8 24. g4 Nh7 25. Rdg1 Bxh1 26. Rxh1 Rc8 27. g5 hxg5 28. f5 exf5 29. Bxf5 Nf8 30. Re1 Ne6 31. Qg3 Rxc4 32. Rh1 Qa8 33. Rh2 Qd5 34. Bd3 Rd4 35. Qf2 Rxd3 36. cxd3 Qxd3+ 37. Kb2 Qc3+ 38. Kb1 Qd3+ 39. Kb2 Nd4 40. Qd2 Qxd2+ 41. Rxd2 Nb5 42. Bxb4 Rxh5 43. Rc2 Kd8 44. Ba5+ Ke7 45. Bb4+ Ke6 46. a4 Nd4 47. Rd2 Nf3 48. Rd6+ Kxe5 49. Rxd7 Ke6 50. Rb7 g4 51. Rb6+ Kd5 52. Rxa6 Kc4 53. Bc3 Rh2+ 54. Ka3 Kxc3 55. Rc6+ Kd4 56. a5 Ne5 57. Rc8 Nc4+ 58. Kb3 Rb2+ 59. Ka4 Kc3 60. a6 Rb4# 0-1


[Site "https://www.chess.com"]

[Event "Titled Tuesday Blitz August 22 Late 2023"]
[White "Kravtsiv, Martyn"]
[Black "Mindhunter08"]
[WhiteFideId "14113147"]
[WhiteElo "2887"]
[BlackElo "2467"]
[Result "1-0"]
[Round "1"]
[TimeControl "180+1"]
[Date "2023.08.22"]
[WhiteClock "0:01:56"]
[BlackClock "0:00:00"]
[Board "50"]

1. e4 e5 2. Nf3 Nc6 3. Nc3 Nf6 4. a4 Bb4 5. Bd3 d5 6. Nxd5 Nxd5 7. exd5 Qxd5 8. Qe2 Bg4 9. Be4 Bxf3 10. Qxf3 Qd7 11. c3 Be7 12. O-O O-O 13. Re1 Bf6 14. d3 Qd6 15. b4 a6 16. Ba3 Qd7 17. b5 axb5 18. axb5 Ne7 19. Bxb7 Rab8 20. Bc6 Qd8 21. h3 h6 22. Rab1 Qc8 23. Bxe7 Bxe7 24. Rxe5 Bf6 25. Rc5 Rd8 26. d4 Qe6 27. Rf5 Qd6 28. Re1 Kf8 29. g3 Kg8 30. Kg2 Kf8 31. h4 Kg8 32. Re4 Kh8 33. Ref4 Kh7 34. Rxf6 gxf6 35. Rxf6 Qa3 36. Rxf7+ Kg8 37. Qf6 1-0


[Site "https://www.chess.com"]

[Event "Titled Tuesday Blitz August 22 Late 2023"]
[White "Moore, Nicholas"]
[Black "Elsa167"]
[WhiteFideId "4303709"]
[WhiteElo "2464"]
[BlackElo "2884"]
[Result "0-1"]
[Round "1"]
[TimeControl "180+1"]
[Date "2023.08.22"]
[WhiteClock "0:00:09"]
[BlackClock "0:00:09"]
[Board "51"]

1. c4 e6 2. g3 Nf6 3. Bg2 d5 4. Nf3 Be7 5. O-O O-O 6. d4 c6 7. Qc2 b6 8. Rd1 a5 9. Nbd2 Ba6 10. e4 Nbd7 11. b3 Rc8 12. Bb2 h6 13. Rac1 Bb4 14. Qb1 Qe7 15. e5 Nh7 16. h4 Rfd8 17. Nf1 Ba3 18. Ne3 Bxb2 19. Qxb2 Nhf8 20. Nh2 Kh8 21. f4 f5 22. Nf3 Nh7 23. Kf2 Rg8 24. h5 g5 25. hxg6 Rxg6 26. Rh1 Rcg8 27. Rh3 Qg7 28. Nf1 b5 29. N3d2 bxc4 30. bxc4 Rb8 31. Qc3 Bxc4 32. Nxc4 dxc4 33. Ne3 Rg8 34. Nxc4 h5 35. Rch1 Ndf8 36. Nd6 h4 37. Ne8 Qe7 38. Nf6 Nxf6 39. exf6 Qxf6 40. Rxh4+ Kg7 41. Qxc6 Qxd4+ 42. Kf1 Qd1+ 43. Kf2 Qd2+ 44. Kg1 Qe1+ 45. Kh2 Qxg3+ 46. Kg1 Qe1+ 47. Kh2 Qxh4+ 48. Kg1 Qe1+ 49. Kh2 Rh6+ 50. Bh3 Qf2+ 51. Qg2+ Qxg2+ 52. Kxg2 Kf6+ 53. Kf3 Rgh8 0-1


[Site "https://www.chess.com"]

[Event "Titled Tuesday Blitz August 22 Late 2023"]
[White "Cordova, Emilio"]
[Black "Gogolev, Artem"]
[WhiteFideId "3801497"]
[BlackFideId "4116615"]
[WhiteElo "2876"]
[BlackElo "2464"]
[Result "0-1"]
[Round "1"]
[TimeControl "180+1"]
[Date "2023.08.22"]
[WhiteClock "0:00:20"]
[BlackClock "0:00:11"]
[Board "52"]

1. d4 Nf6 2. c4 d6 3. Nc3 e5 4. Nf3 e4 5. Ng1 g6 6. Bg5 Bf5 7. e3 h6 8. Bxf6 Qxf6 9. g4 Bd7 10. Nxe4 Qe7 11. Nc3 Bg7 12. Bg2 c6 13. h3 h5 14. gxh5 Rxh5 15. Nge2 Na6 16. Nf4 Rh4 17. Qf3 Bxd4 18. Ne4 Bxb2 19. Rb1 Be5 20. Rxb7 Bxf4 21. Rxd7 Kxd7 22. O-O Be5 23. Rd1 Rc8 24. Rd3 Ke8 25. Qd1 Rxe4 26. Bxe4 Nc5 27. Qg4 Qe6 28. Qxe6+ fxe6 29. Bxg6+ Ke7 30. Ra3 Rg8 31. f4 Rxg6+ 32. Kf2 Bb2 33. Rxa7+ Kf6 34. Kf3 d5 35. cxd5 cxd5 36. a4 Ne4 37. a5 Rg3+ 38. Ke2 Rg2+ 39. Kf1 Rf2+ 40. Kg1 Bc1 41. Rb7 Bxe3 42. Rb3 Re2+ 0-1


[Site "https://www.chess.com"]

[Event "Titled Tuesday Blitz August 22 Late 2023"]
[White "dodoucb"]
[Black "Moskalenko, Alexander"]
[BlackFideId "4155351"]
[WhiteElo "2463"]
[BlackElo "2873"]
[Result "0-1"]
[Round "1"]
[TimeControl "180+1"]
[Date "2023.08.22"]
[WhiteClock "0:00:14"]
[BlackClock "0:02:01"]
[Board "53"]

1. d4 d6 2. Nf3 g6 3. c4 Bg7 4. Nc3 e5 5. Bg5 f6 6. Bh4 Nd7 7. e3 Nh6 8. Bd3 O-O 9. O-O c6 10. Ne4 Nf7 11. dxe5 dxe5 12. h3 g5 13. Bg3 f5 14. Nc3 e4 15. Nxe4 fxe4 16. Bxe4 Nc5 17. Qc2 Nxe4 18. Qxe4 Bxb2 19. Rad1 Qe8 20. Qc2 Bg7 21. Nd4 Nh6 22. Rfe1 Nf5 23. Bh2 Nh4 24. Bd6 Rf7 25. f4 g4 26. Qf2 Nf5 27. Nxf5 Bxf5 28. e4 Bd7 29. hxg4 Bxg4 30. Rd3 Qe6 31. c5 Re8 32. Rg3 h5 33. e5 Qf5 34. Rf1 Qe4 35. Re3 Qd4 36. Kh2 Re6 37. g3 Rg6 38. e6 Bxe6 0-1


[Site "https://www.chess.com"]

[Event "Titled Tuesday Blitz August 22 Late 2023"]
[White "Zierk, Steven"]
[Black "Hajiyev, Kanan"]
[WhiteFideId "2034255"]
[BlackFideId "13404148"]
[WhiteElo "2871"]
[BlackElo "2460"]
[Result "1-0"]
[Round "1"]
[TimeControl "180+1"]
[Date "2023.08.22"]
[WhiteClock "0:00:38"]
[BlackClock "0:00:02"]
[Board "54"]

1. e4 c6 2. d4 d5 3. exd5 cxd5 4. Bd3 Nc6 5. c3 Qc7 6. Ne2 Nf6 7. Bf4 e5 8. dxe5 Nxe5 9. O-O Bd6 10. Nd4 O-O 11. Nb5 Qb6 12. Nxd6 Qxd6 13. Re1 Re8 14. Nd2 Bg4 15. f3 Qb6+ 16. Be3 Qxb2 17. Rb1 Qxc3 18. Rb3 Qc7 19. Bf4 Nxf3+ 20. gxf3 Qxf4 21. fxg4 Nxg4 22. Nf3 Rxe1+ 23. Qxe1 g6 24. Qg3 Qc1+ 25. Qe1 Qc5+ 26. Kg2 Ne3+ 27. Kh1 Ng4 28. Kg2 Ne3+ 29. Kh1 Ng4 30. Rb2 Rc8 31. Rc2 Qf8 32. h3 Rxc2 33. Bxc2 Nf6 34. Qe5 Kg7 35. Nd4 Qc5 36. h4 Qb6 37. h5 gxh5 38. Nf5+ Kf8 39. Qe7+ Kg8 40. Nd6 Qc6 41. Qxf7+ Kh8 42. Qf8+ Ng8 43. Nf7# 1-0


[Site "https://www.chess.com"]

[Event "Titled Tuesday Blitz August 22 Late 2023"]
[White "Fernandez Lopez, Ruben"]
[Black "Mekhitarian, Krikor Sevag"]
[WhiteFideId "24518298"]
[BlackFideId "2107660"]
[WhiteElo "2460"]
[BlackElo "2870"]
[Result "1-0"]
[Round "1"]
[TimeControl "180+1"]
[Date "2023.08.22"]
[WhiteClock "0:01:39"]
[BlackClock "0:00:17"]
[Board "55"]

1. b3 Nf6 2. Bb2 d5 3. e3 g6 4. c4 dxc4 5. bxc4 c5 6. Nf3 Bg7 7. Be2 O-O 8. O-O Nc6 9. Nc3 b6 10. Qa4 Bd7 11. Qb3 Rc8 12. Rfd1 Bf5 13. d3 Qd7 14. Rac1 Rfd8 15. h3 h6 16. Nd5 Nxd5 17. cxd5 Na5 18. Qc2 Bxb2 19. Qxb2 Qd6 20. e4 Bd7 21. d4 c4 22. Rc3 b5 23. a3 a6 24. Qd2 Kg7 25. Qe3 Nb3 26. Nd2 Nxd2 27. Qxd2 Be8 28. Bf3 e5 29. dxe6 Qe5 30. dxe5 Rxd2 31. Rxd2 fxe6 32. Rd6 a5 33. Be2 Rc5 34. Rxe6 Bf7 35. Re7 Kf8 36. Ra7 b4 37. axb4 axb4 38. Rxf7+ Kxf7 39. Rxc4 1-0


[Site "https://www.chess.com"]

[Event "Titled Tuesday Blitz August 22 Late 2023"]
[White "Rustemov, Alexander"]
[Black "Czerw, Dawid"]
[WhiteFideId "4119002"]
[BlackFideId "1145746"]
[WhiteElo "2863"]
[BlackElo "2458"]
[Result "1-0"]
[Round "1"]
[TimeControl "180+1"]
[Date "2023.08.22"]
[WhiteClock "0:01:04"]
[BlackClock "0:00:03"]
[Board "56"]

1. d4 d5 2. c4 c6 3. Nc3 Nf6 4. e3 a6 5. Qc2 b5 6. b3 Bg4 7. Bd3 e6 8. Bb2 b4 9. Na4 Bd6 10. Ne2 Bh5 11. O-O Bg6 12. Rfc1 Nbd7 13. a3 Bxh2+ 14. Kxh2 Ng4+ 15. Kg3 h5 16. Nf4 Bxd3 17. Nxd3 Qf6 18. Qe2 h4+ 19. Kh3 Nh6 20. f3 g5 21. Kh2 Nf5 22. cxd5 cxd5 23. Rc7 Ng3 24. Qf2 Rd8 25. Nac5 Qg6 26. Nxd7 Qxd3 27. Ne5 Qf5 28. Rxf7 1-0


[Site "https://www.chess.com"]

[Event "Titled Tuesday Blitz August 22 Late 2023"]
[White "Liu, Casper"]
[Black "Bartel, Mateusz"]
[WhiteFideId "1454153"]
[BlackFideId "1112635"]
[WhiteElo "2456"]
[BlackElo "2860"]
[Result "0-1"]
[Round "1"]
[TimeControl "180+1"]
[Date "2023.08.22"]
[WhiteClock "0:00:04"]
[BlackClock "0:00:12"]
[Board "57"]

1. e4 e6 2. Nf3 d5 3. Nc3 d4 4. Ne2 c5 5. c3 Nc6 6. Qa4 dxc3 7. dxc3 Nf6 8. Bg5 Bd7 9. Qc2 h6 10. Bf4 Be7 11. Ng3 Qa5 12. Be2 Nd4 13. Nxd4 cxd4 14. Bd2 dxc3 15. Bxc3 Qb6 16. O-O O-O 17. Rfd1 Rac8 18. Qd2 Bc6 19. Ba5 Qc5 20. Rac1 Qe5 21. Bc3 Qb8 22. Qe3 Rfd8 23. Bd3 Ng4 24. Qe2 Ne5 25. Bb1 Bg5 26. Rxd8+ Rxd8 27. Rd1 Ng6 28. Nh5 Nf4 29. Nxf4 Rxd1+ 30. Qxd1 Qxf4 31. f3 Qe3+ 32. Kh1 h5 33. Qd4 Qc1+ 34. Qg1 Qf4 35. Qd4 Qc1+ 36. Qg1 h4 37. Qxc1 Bxc1 38. Kg1 g5 39. Kf2 Bf4 40. g3 Bc7 41. Bf6 hxg3+ 42. hxg3 Bb6+ 43. Kg2 g4 44. fxg4 Kh7 45. g5 Kg6 46. g4 Be3 47. Kg3 Bxg5 48. e5+ Kh6 49. Bd3 Bxf6 50. exf6 Kg5 51. b4 Kxf6 52. b5 Bd5 53. a4 Kg5 54. a5 b6 55. axb6 axb6 56. Be2 f6 57. Bd3 e5 58. Bf1 Be6 59. Be2 Bd7 60. Kh3 Kf4 61. Kh4 Be8 62. Bf1 e4 63. Kh3 e3 64. Be2 Bg6 65. Kh4 Be4 66. Kh5 Bf3 67. Bxf3 Kxf3 68. g5 fxg5 69. Kxg5 0-1


[Site "https://www.chess.com"]

[Event "Titled Tuesday Blitz August 22 Late 2023"]
[White "Durarbayli, Vasif"]
[Black "Nielsen, Viktor Haarmark"]
[WhiteFideId "13402935"]
[BlackFideId "1444492"]
[WhiteElo "2856"]
[BlackElo "2454"]
[Result "1-0"]
[Round "1"]
[TimeControl "180+1"]
[Date "2023.08.22"]
[WhiteClock "0:00:27"]
[BlackClock "0:00:05"]
[Board "58"]

1. e4 e5 2. Nf3 Nc6 3. Bc4 Bc5 4. d3 Nf6 5. O-O a6 6. c3 Ba7 7. Bb3 d6 8. h3 O-O 9. Bg5 h6 10. Bh4 Re8 11. Nbd2 Be6 12. Bc2 g5 13. Nxg5 hxg5 14. Bxg5 Kg7 15. Kh1 Kg6 16. f4 exf4 17. Bxf4 Nh5 18. d4 Nxf4 19. Rxf4 Qg5 20. Qf3 Ne5 21. Qf1 Rh8 22. Rd1 Bxh3 23. gxh3 Qg3 24. Qg2 Rxh3+ 25. Kg1 Rah8 26. Qxg3+ Rxg3+ 27. Kf2 Rhh3 28. Rg1 Rxg1 29. Kxg1 Rh5 30. Kg2 Nc6 31. Nf3 Kg7 32. Bb3 f6 33. Rg4+ Kf8 34. Rg8+ Ke7 35. Rg7+ Kd8 36. Be6 Ne7 37. Rf7 Ng6 38. Kg3 Rh8 39. Rd7+ Ke8 40. Rxc7 d5 41. Rxb7 dxe4 42. Rxa7 exf3 43. Bf7+ 1-0


[Site "https://www.chess.com"]

[Event "Titled Tuesday Blitz August 22 Late 2023"]
[White "Blackburn, Jonathan L B"]
[Black "Lenderman, Aleksandr"]
[WhiteFideId "1801090"]
[BlackFideId "2021285"]
[WhiteElo "2453"]
[BlackElo "2855"]
[Result "0-1"]
[Round "1"]
[TimeControl "180+1"]
[Date "2023.08.22"]
[WhiteClock "0:00:00"]
[BlackClock "0:00:57"]
[Board "59"]

1. d4 e6 2. c4 b6 3. Nc3 Bb7 4. a3 Nf6 5. Nf3 d5 6. Bf4 Bd6 7. Bxd6 Qxd6 8. e3 O-O 9. cxd5 Nxd5 10. Nxd5 Bxd5 11. Bd3 Nd7 12. O-O c5 13. e4 Bb7 14. e5 Qe7 15. Qe2 Rfd8 16. h4 Bxf3 17. Qxf3 cxd4 18. Qe4 g6 19. b4 a5 20. Rab1 axb4 21. axb4 Ra4 22. h5 Rxb4 23. Rxb4 Qxb4 24. Rb1 Qe7 25. Qb7 Qc5 26. f4 Qc3 27. Bb5 Qe3+ 28. Kh1 Nf8 29. Qe7 Ra8 30. Bc6 Rc8 31. Qf6 gxh5 32. Rf1 Qg3 33. Rf3 Qg7 34. Bd7 Qxf6 35. exf6 Nxd7 0-1


[Site "https://www.chess.com"]

[Event "Titled Tuesday Blitz August 22 Late 2023"]
[White "Asadli, Vugar"]
[Black "Koc, Przemyslaw"]
[WhiteFideId "13405764"]
[BlackFideId "1109081"]
[WhiteElo "2846"]
[BlackElo "2451"]
[Result "1-0"]
[Round "1"]
[TimeControl "180+1"]
[Date "2023.08.22"]
[WhiteClock "0:01:47"]
[BlackClock "0:00:19"]
[Board "60"]

1. e4 c5 2. Nc3 Nc6 3. Bb5 Qc7 4. Nf3 e6 5. O-O Nge7 6. d4 cxd4 7. Nxd4 a6 8. Be2 Nxd4 9. Qxd4 Nc6 10. Qe3 Be7 11. b3 O-O 12. Bb2 b5 13. a4 b4 14. Nb1 a5 15. Nd2 Bb7 16. Rad1 d6 17. Nc4 Rfd8 18. Qg3 Bf8 19. Rd2 f6 20. Rfd1 Ne5 21. f4 Nxc4 22. Bxc4 d5 23. Bxf6 Rd7 24. Be5 Qb6+ 25. Kh1 Rad8 26. f5 exf5 27. exd5 Kh8 28. d6 Qc5 29. Be6 1-0


[Site "https://www.chess.com"]

[Event "Titled Tuesday Blitz August 22 Late 2023"]
[White "Szyszylo, Rafal"]
[Black "Pakleza, Zbigniew"]
[WhiteFideId "1109626"]
[BlackFideId "1119290"]
[WhiteElo "2451"]
[BlackElo "2834"]
[Result "0-1"]
[Round "1"]
[TimeControl "180+1"]
[Date "2023.08.22"]
[WhiteClock "0:00:00"]
[BlackClock "0:00:09"]
[Board "61"]

1. e4 d6 2. d4 Nf6 3. Nc3 c6 4. Be3 Qb6 5. Rb1 Ng4 6. Qd2 Nxe3 7. Qxe3 e6 8. Nf3 Be7 9. Bd3 d5 10. O-O Qd8 11. Rbd1 O-O 12. Rfe1 Re8 13. e5 Nd7 14. Ne2 c5 15. c3 b6 16. Ng3 Nf8 17. Bb1 Ba6 18. Qf4 Rc8 19. Qg4 Ng6 20. Nh5 cxd4 21. cxd4 Rc7 22. g3 Bb4 23. Re3 Qc8 24. Ng5 Rc1 25. Kg2 Be7 26. h4 Bxg5 27. hxg5 Qc4 28. Ree1 Rxd1 29. Rxd1 Rc8 30. Nf4 Qa4 31. Rh1 Qb4 32. Nxe6 Re8 33. Nc7 Rxe5 34. Nxa6 Qa4 35. Qc8+ Re8 36. Qb7 Qxd4 37. Bxg6 hxg6 38. Nc7 Qe4+ 39. Kh2 Qe7 40. Qc6 Rd8 41. Nxd5 Qxg5 42. Ne3 Qh5+ 43. Kg2 Qe5 44. Qf3 Qxb2 45. Ng4 Qd4 46. Qf4 Qd5+ 47. Qf3 Qd6 48. Ne3 Qe6 49. Rh4 Qxa2 50. Rf4 Qe6 51. Re4 Qd6 52. Qf4 Qxf4 53. Rxf4 Ra8 54. Rb4 Kf8 55. Nd5 Rd8 56. Nxb6 axb6 57. Rxb6 f6 58. Rb7 Kg8 59. Rc7 g5 60. Rb7 Kh7 61. g4 Kg6 62. f3 Rd2+ 63. Kg3 Rd1 64. Kg2 Rd6 65. Kg3 Kh6 66. Kg2 g6 67. Rc7 f5 68. gxf5 gxf5 69. Re7 Rd2+ 70. Kg3 Rd3 71. Kg2 Kg6 72. Re6+ Kh5 73. Re8 Rd2+ 74. Kg3 Rd3 75. Kg2 Kg6 76. Rg8+ Kf6 77. Rf8+ Ke5 78. Re8+ Kf4 79. Rf8 Rd2+ 80. Kh3 Rf2 0-1


[Site "https://www.chess.com"]

[Event "Titled Tuesday Blitz August 22 Late 2023"]
[White "Klukin, Kirill"]
[Black "Kirillov, Dmitry"]
[WhiteFideId "24199273"]
[BlackFideId "34180572"]
[WhiteElo "2834"]
[BlackElo "2449"]
[Result "0-1"]
[Round "1"]
[TimeControl "180+1"]
[Date "2023.08.22"]
[WhiteClock "0:00:00"]
[BlackClock "0:00:15"]
[Board "62"]

1. d4 Nf6 2. Nf3 e6 3. e3 d5 4. Bd3 Bd6 5. b3 O-O 6. Bb2 b6 7. O-O Bb7 8. Nbd2 Nbd7 9. Qe2 a6 10. Ne5 Ne4 11. Nxd7 Qxd7 12. Bxe4 dxe4 13. c4 f5 14. Rfd1 Qe7 15. Rac1 Rf6 16. g3 Rg6 17. c5 bxc5 18. dxc5 Bxc5 19. Nc4 Bd5 20. Ne5 Rh6 21. Bd4 Bd6 22. Qb2 Qg5 23. Nc4 Qh5 24. h4 Qg4 25. Be5 Rxh4 26. Bxd6 cxd6 27. Nxd6 Rh6 28. f4 exf3 29. Qf2 Qh3 0-1


[Site "https://www.chess.com"]

[Event "Titled Tuesday Blitz August 22 Late 2023"]
[White "Haszon, David"]
[Black "Yanchenko, Roman"]
[WhiteFideId "733610"]
[BlackFideId "4137329"]
[WhiteElo "2449"]
[BlackElo "2830"]
[Result "0-1"]
[Round "1"]
[TimeControl "180+1"]
[Date "2023.08.22"]
[WhiteClock "0:00:07"]
[BlackClock "0:00:21"]
[Board "63"]

1. d4 d5 2. Bf4 Nf6 3. e3 Bf5 4. c4 c6 5. Qb3 Qb6 6. c5 Qxb3 7. axb3 Bxb1 8. Rxb1 Nbd7 9. Ra1 a6 10. h3 Ne4 11. Nf3 f6 12. b4 Rc8 13. Bd3 g5 14. Bh2 Bg7 15. Bxe4 dxe4 16. Nd2 f5 17. g4 e5 18. gxf5 exd4 19. Nxe4 O-O 20. Nd6 Rb8 21. e4 Ne5 22. Bxe5 Bxe5 23. Nc4 Rbe8 24. f3 Bf4 25. Ke2 Rxf5 26. Kd3 Rf7 27. Rhg1 Rd8 28. Rad1 Kg7 29. Rg4 h5 30. Rg2 h4 31. Rf1 Kh6 32. Rg4 Bg3 33. Nd2 Kh5 34. Nb3 Kh6 35. Nd2 Be5 36. Nc4 Bf4 37. Rfg1 Bg3 38. Rf1 Rdf8 39. Nd2 Bf4 40. Nc4 Bg3 41. Nd2 Be5 42. Rg2 Kh5 43. Rfg1 Rxf3+ 44. Nxf3 Rxf3+ 45. Kc4 Bf4 46. e5 Rxh3 47. Re2 Re3 48. Rxe3 dxe3 49. e6 Kg6 50. Rd1 h3 51. e7 Kf7 52. Rd7 h2 53. e8=Q+ Kxe8 54. Rh7 e2 55. Kd3 e1=Q 0-1


[Site "https://www.chess.com"]

[Event "Titled Tuesday Blitz August 22 Late 2023"]
[White "Batsuren, Dambasuren"]
[Black "Ljukin, Sergei"]
[WhiteFideId "4902920"]
[BlackFideId "14102200"]
[WhiteElo "2825"]
[BlackElo "2449"]
[Result "1-0"]
[Round "1"]
[TimeControl "180+1"]
[Date "2023.08.22"]
[WhiteClock "0:01:56"]
[BlackClock "0:01:40"]
[Board "64"]

1. d4 d5 2. c4 c6 3. Nf3 Nf6 4. e3 e6 5. b3 Bb4+ 6. Nbd2 Bd6 7. Bb2 O-O 8. Bd3 Nbd7 9. O-O Qe7 10. e4 dxe4 11. Nxe4 Nxe4 12. Bxe4 Nf6 13. Bc2 c5 14. dxc5 Bxc5 15. Qd3 Rd8 16. Bxf6 Qxf6 17. Qxh7+ Kf8 18. Rad1 Ke7 19. Rxd8 Kxd8 20. Rd1+ Ke7 21. Qg8 Bb6 22. c5 Bc7 23. b4 Rb8 24. Ba4 e5 25. Qe8# 1-0


[Site "https://www.chess.com"]

[Event "Titled Tuesday Blitz August 22 Late 2023"]
[White "Sanhueza, Cristian"]
[Black "Putnam, Liam"]
[WhiteFideId "116815"]
[BlackFideId "30938279"]
[WhiteElo "2447"]
[BlackElo "2818"]
[Result "1-0"]
[Round "1"]
[TimeControl "180+1"]
[Date "2023.08.22"]
[WhiteClock "0:00:28"]
[BlackClock "0:00:10"]
[Board "65"]

1. e4 e5 2. Nf3 Nc6 3. Bb5 a6 4. Ba4 Nf6 5. O-O Be7 6. Re1 b5 7. Bb3 d6 8. c3 O-O 9. h3 Nb8 10. d4 Nbd7 11. Nbd2 Bb7 12. Bc2 Re8 13. Nf1 Bf8 14. Ng3 g6 15. a4 Bg7 16. Bd3 c6 17. Bg5 h6 18. Bd2 Qc7 19. Qc2 Nb6 20. a5 Nbd7 21. b3 d5 22. exd5 Nxd5 23. c4 Nf4 24. Bxf4 exf4 25. Ne4 bxc4 26. bxc4 Rad8 27. c5 Nf6 28. Nd6 Rxe1+ 29. Rxe1 Nd5 30. Ne5 Qxa5 31. Rb1 Ba8 32. Bxg6 Bxe5 33. Bxf7+ Kf8 34. dxe5 Qc3 35. Qf5 Ne7 36. Qf6 Rxd6 37. Rb8+ 1-0


[Site "https://www.chess.com"]

[Event "Titled Tuesday Blitz August 22 Late 2023"]
[White "Girel, Joseph"]
[Black "Bazilius, Augustinas"]
[WhiteFideId "36033561"]
[BlackFideId "12832251"]
[WhiteElo "2818"]
[BlackElo "2446"]
[Result "1-0"]
[Round "1"]
[TimeControl "180+1"]
[Date "2023.08.22"]
[WhiteClock "0:02:10"]
[BlackClock "0:00:03"]
[Board "66"]

1. e4 c5 2. Nf3 a6 3. a3 Nc6 4. d4 cxd4 5. Nxd4 Nf6 6. Nc3 d6 7. Bg5 Bd7 8. Bxf6 gxf6 9. Bc4 b5 10. Bb3 e6 11. O-O Rg8 12. Kh1 Qb6 13. Nxc6 Bxc6 14. f4 f5 15. Qe2 Bg7 16. Nd5 Qb7 17. c4 bxc4 18. Bxc4 fxe4 19. Nb4 Bb5 20. f5 d5 21. Bxb5+ Qxb5 22. Qh5 Qd7 23. fxe6 Qxe6 24. Nxd5 Bxb2 25. Nc7+ 1-0


[Site "https://www.chess.com"]

[Event "Titled Tuesday Blitz August 22 Late 2023"]
[White "Rangel, Daniel"]
[Black "Harshavardhan G B"]
[WhiteFideId "2124475"]
[BlackFideId "25059009"]
[WhiteElo "2446"]
[BlackElo "2808"]
[Result "0-1"]
[Round "1"]
[TimeControl "180+1"]
[Date "2023.08.22"]
[WhiteClock "0:00:07"]
[BlackClock "0:01:03"]
[Board "67"]

1. d4 Nf6 2. Nf3 e6 3. e3 c5 4. Bd3 d5 5. b3 Nc6 6. O-O Bd6 7. a3 cxd4 8. exd4 O-O 9. Bb2 Ne4 10. c4 f5 11. Nc3 Qf6 12. cxd5 Nxc3 13. Bxc3 exd5 14. Re1 f4 15. Ne5 Bf5 16. Bxf5 Qxf5 17. Qf3 Ne7 18. Re2 Rac8 19. Bb4 Bxb4 20. axb4 a6 21. h3 Rc7 22. Rae1 h6 23. Ng4 Nc6 24. Qc3 f3 25. Re3 fxg2 26. Kxg2 h5 27. Ne5 Qxf2+ 28. Kh1 Nxe5 29. Qxc7 Nf3 30. b5 Nxe1 31. Rg3 Qf1+ 32. Rg1 Qxh3+ 33. Qh2 Qxh2+ 34. Kxh2 Nf3+ 35. Kg3 Nxg1 36. Kh4 axb5 37. b4 Rf4+ 38. Kg5 Rxd4 39. Kg6 h4 40. Kf5 Re4 41. Kg5 h3 42. Kg6 h2 43. Kf5 h1=Q 44. Kg5 Qh6+ 45. Kf5 Qh5# 0-1


[Site "https://www.chess.com"]